 Dungeon Crawl Stone Soup version 0.18-a0-1713-g50a528e (webtiles) character file.

382343 Geomchi the Brawler (level 21, -7/227 HPs)
             Began as a Troll Monk on Apr 6, 2016.
             Was the Champion of Yredelemnul.
             Killed from afar by a shadow dragon (57 damage)
             ... with a bolt of negative energy
             ... on level 4 of the Depths on Apr 7, 2016.
             The game lasted 02:11:21 (50833 turns).

Geomchi the Brawler (Troll Monk)                   Turns: 50833, Time: 02:11:21

Health: -7/227     AC: 31    Str: 31      XL:     21   Next: 92%
Magic:  28/28      EV:  4    Int:  5 (7)  God:    Yredelemnul [******]
Gold:   4125       SH: 21    Dex: 15      Spells: 0 memorised, 20 levels left

rFire  + . .     SeeInvis +       - Unarmed
rCold  + . .     Gourm    +     w - +7 gold dragon armour
rNeg   . . .     Faith    .     a - +1 large shield {rPois}
rPois  +         Spirit   .     J - +1 hat
rElec  .         Dismiss  .     M - +1 cloak
rCorr  +         Reflect  +     (gloves unavailable)
SustAt .         Harm     .     (boots unavailable)
MR     +....                    I - +4 amulet of reflection
Stlth  ..........               K - ring of the Octopus King {AC+1 EV+1 Str+1 Int+1 Dex+1 SInv}
                                S - ring of resist corrosion

@: very slightly contaminated, very heavily drained, somewhat resistant to
hostile enchantments, extremely unstealthy
A: unfitting armour, claws 3, fast metabolism 3, gourmand, regeneration 2,
shaggy fur 1, tough skin 2
a: Recall Undead Slaves, Injury Mirror, Animate Dead, Drain Life, Enslave Soul,
Renounce Religion
}: 2/15 runes: decaying, serpentine


You were on level 4 of the Depths.
You worshipped Yredelemnul.
Yredelemnul was exalted by your worship.
You were very full.

You visited 8 branches of the dungeon, and saw 44 of its levels.

You collected 5053 gold pieces.
You spent 928 gold pieces at shops.

Inventory:

Armour
 a - a +1 large shield of poison resistance (worn)
 w - a +7 gold dragon armour (worn)
 J - a +1 hat (worn)
 M - a +1 cloak (worn)
Jewellery
 l - an uncursed amulet of guardian spirit
 A - the ring "Zeukaun" {SustAt rF+}
   (You found it on level 3 of the Elven Halls)

   [ring of sustain attributes]

   It sustains your strength, intelligence and dexterity.
   It protects you from fire.
 B - a +5 ring of strength
 E - an uncursed ring of magical power
 F - an uncursed ring of protection from magic
 I - a +4 amulet of reflection (around neck)
 K - a ring of the Octopus King (right claw) {AC+1 EV+1 Str+1 Int+1 Dex+1 SInv}
   (You took it off a deep elf demonologist on level 3 of the Elven Halls)

   [ring of see invisible]

   It affects your AC (+1).
   It affects your evasion (+1).
   It affects your strength (+1).
   It affects your intelligence (+1).
   It affects your dexterity (+1).
   It lets you see invisible.
 S - a ring of resist corrosion (left claw)
 Z - the ring "Saenk" {rPois rN+ Dex+4}
   (You took it off a deep elf high priest on level 3 of the Elven Halls)

   [ring of poison resistance]

   It affects your dexterity (+4).
   It protects you from poison.
   It protects you from negative energy.
Wands
 c - a wand of digging (19/24)
 h - a wand of teleportation (5/9)
 u - a wand of confusion (6/48)
 x - a wand of iceblast (10/15)
 y - a wand of confusion (30/48)
 Y - a wand of heal wounds (6/9)
Scrolls
 d - 18 scrolls of remove curse
 e - 5 scrolls of teleportation
 f - 2 scrolls of summoning
 g - 6 scrolls of magic mapping
 i - 9 scrolls of identify
 m - 8 scrolls of enchant weapon
 o - 8 scrolls of immolation
 p - 8 scrolls of recharging
 t - 3 scrolls of blinking
 v - 3 scrolls of fog
 Q - a scroll of silence
 R - 3 scrolls of fear
Potions
 j - 6 potions of agility
 n - 6 potions of brilliance
 q - 2 potions of resistance
 C - a potion of curing
 D - 3 potions of magic
 G - a potion of might
 L - 5 potions of haste
 N - 3 potions of cancellation
 T - 3 potions of flight
 W - 6 potions of heal wounds
Comestibles
 b - 27 bread rations {@e1}
 k - 14 beef jerkies
 r - 9 slices of pizza
 s - 26 fruits
 P - 9 royal jellies
 V - 5 meat rations {@e2}


   Skills:
 - Level 17.5(11.4) Fighting
 + Level 14.7(9.0) Armour
 + Level 12.3(6.9) Dodging
 - Level 1.1(0.0) Stealth
 - Level 9.2(4.1) Shields
 - Level 20.2(13.8) Unarmed Combat
 - Level 11.6(6.3) Invocations


You had 20 spell levels left.
You didn't know any spells.

Dungeon Overview and Level Annotations

Branches:
Dungeon (15/15)            Temple (0/1) D:4            Lair (8/8) D:9
  Swamp (4/4) Lair:3        Snake (4/4) Lair:3        Slime (0/6) Lair:7
    Orc (2/2) D:9             Elf (3/3) Orc:2        Vaults (4/5) D:13
  Crypt (0/3) Vaults:2     Depths (4/5) D:15

Altars:
Ashenzari
Cheibriados
Dithmenos
Gozag
Kikubaaqudgha
Makhleb
Nemelex Xobeh
Okawaru
Trog
Vehumet
Xom
Yredelemnul
The Shining One
Beogh
Jiyva

Shops:
D:7 :   D:14 [   Orc:1 }   Orc:2 (((=   Elf:1 [   Elf:3 }   Snake:2 [
Vaults:1 *   Vaults:2 :   Vaults:4 ?   Depths:1 :

Portals:
Hell: Depths:1 Depths:2 Depths:3
Abyss: Depths:1 Depths:4
Pandemonium: Depths:3
Ziggurat: Depths:3
Trove: D:14 (lose all piety)


Innate Abilities, Weirdness & Mutations

You are too large for most types of armour.
You have claws for hands.
Your metabolism is lightning-fast.
You like to eat raw meat.
You heal very quickly.
You are covered in fur (AC +1).
You have very tough skin (AC +2).


Message History

The bolt of fire hits you! You resist.
* * * LOW HITPOINT WARNING * * *
The hell knight gestures wildly while chanting.
The hell knight seems to speed up.
The hell knight points at you and mumbles some strange words.
The bolt of fire hits you! You block the shadow dragon's attack.
The shadow dragon claws you but does no damage.
You block the shadow dragon's attack.
The rakshasa gestures.
The rakshasa blinks!
You take 9 damage, and have 44/227 hp.
Unknown command.
Read which item? (? for menu, Esc to quit)
Blink to where?
You are very lightly contaminated with residual magic.
As you read the scroll of blinking, it crumbles to dust.
The shadow dragon breathes negative energy at you.
The bolt of negative energy hits you!
You feel drained.
You die...
Your body rises from the dead as a mindless zombie.

# ##...#....#.....).#....#..# ##
##z...#....#.[.....#....#..# .##
##.....#...[#.......#..W[#..#
..###..#..#...........#.####..#..
...#.D.#..#......b.###...........
..........#.#...#.(...#.#...#.#..
##########.#....(#.<.<.#.....#...
######.((b#.[.^...#....#### ..
#....#....@#.>.<.#.....# ..
#...#.#...#.#.....#...#.#
......##...........#.#..(.....#
#......#..#DD####.#...#..###..#
#....#...#....#............#>
....##..#D...#.......#....#
#.##...#(.#D...#.............
.....#.D.......#...#.R...#.
#..#..R.###...###...###.>


You could see 2 shadow dragons and a caustic shrike.

Vanquished Creatures
  A golden dragon (Depths:2)
  A caustic shrike (Depths:4)
  Nikola (Elf:1)
  2 liches (Depths:2)
  A deep elf master archer (Elf:3)
  2 tentacled monstrosities
  A deep elf blademaster (Elf:3)
  A titan (Depths:2)
  Asterion (Vaults:1)
  2 sphinxes
  Agnes (Elf:2)
  An iron dragon (Depths:2)
  Maud (D:10)
  2 fire giants
  5 frost giants
  4 greater nagas
  Donald (D:12)
  7 vault wardens
  Louise (Elf:1)
  A deep elf sorcerer (Elf:3)
  A deep elf elementalist (Depths:2)
  Aizul (Swamp:1)
  A spriggan defender (Depths:3)
  2 ironheart preservers (Vaults:2)
  5 very ugly things
  10 stone giants
  4 deep elf annihilators
  2 deep elf demonologists
  A vampire knight (Depths:4)
  3 spark wasps
  2 ettins
  2 deep elf death magi
  5 yaktaur captains
  A vault guard (Vaults:3)
  7 fire dragons
  4 great orbs of eyes
  3 rakshasas
  Harold (Orc:1)
  Fannar (Lair:2)
  2 deep elf high priests (Elf:3)
  3 entropy weavers
  2 naga warriors (Snake:4)
  7 centaur warriors
  5 ice dragons
  A spriggan air mage (Depths:2)
  A death knight (Vaults:2)
  15 dancing weapons
  3 ogre magi
  5 anacondas
  2 deep troll earth magi
  A queen ant (Lair:7)
  6 death yaks (Lair:7)
  4 deep troll shamans
  2 orc high priests
  4 naga sharpshooters
  2 spriggan berserkers
  12 deep elf knights
  4 skeletal warriors
  3 fire crabs
  2 salamander mystics
  A death drake (Swamp:3)
  4 deep trolls
  8 hill giants
  3 giant orange brains
  2 flayed ghosts
  3 swamp dragons
  7 deep elf archers
  The ghost of Ebgish the Firebug, a novice OpFE of Vehumet (D:7)
  A naga ritualist (Snake:3)
  A wolf spider (Vaults:4)
  A spectral hydra (Swamp:3)
  4 ironbrand convokers
  2 phantasmal warriors
  5 orc knights
  8 harpies (Vaults:2)
  2 necromancers
  The ghost of ontamu the Grappler, a novice DrTm of Pakellas (D:5)
  4 hornets
  4 mana vipers
  A manticore (D:11)
  6 griffons
  26 deep elf magi
  A hornet (shapeshifter) (Vaults:1)
  5 cyclopes
  24 ugly things
  14 slime creatures
  6 salamanders
  5 centaur zombies
  4 elephants (Lair:7)
  A black mamba (shapeshifter) (Depths:1)
  7 naga magi
  A smoke demon (Depths:3)
  14 black mambas
  A guardian serpent (shapeshifter) (Elf:2)
  7 vault sentinels
  3 centaur skeletons
  A rime drake (Lair:7)
  9 spiny frogs
  24 yaktaurs
  5 komodo dragons
  A freezing wraith (Vaults:2)
  An ice devil (Depths:4)
  A hellwing (Depths:3)
  A komodo dragon (shapeshifter) (Vaults:2)
  A swamp worm zombie (Swamp:3)
  7 two-headed ogres
  A giant leech (Lair:3)
  9 trolls
  10 bog bodies
  A queen bee (D:10)
  A jumping spider (shapeshifter) (Vaults:4)
  26 blink frogs
  A blink frog (shapeshifter) (Elf:2)
  5 air elementals
  An alligator zombie (Swamp:3)
  3 spectral swamp dragons
  2 redbacks (Vaults:4)
  3 wraiths
  2 wyverns
  27 yaks
  A basilisk (D:15)
  A human (shapeshifter) (Vaults:1)
  A yak (shapeshifter) (Depths:2)
  6 hippogriffs
  7 humans
  16 vampire mosquitoes
  Grum (Lair:1)
  2 hungry ghosts
  A fire elemental (Elf:2)
  Eustachio (D:6)
  7 swamp worms
  Menkaure (D:5)
  2 wargs
  A mottled dragon (shapeshifter) (Depths:4)
  19 soldier ants
  5 spiny frog zombies (Swamp:3)
  An insubstantial wisp (Swamp:4)
  10 nagas
  Duvessa (D:7)
  7 porcupines
  13 water moccasins
  4 swamp drakes
  3 black bears
  An eye of draining (shapeshifter) (Vaults:4)
  42 orc warriors
  7 ice beasts
  5 phantoms
  An eye of draining (D:11)
  4 sky beasts
  29 ogres
  8 boggarts
  A swamp dragon zombie (Swamp:4)
  2 wasps
  2 necrophages
  3 wolves
  21 centaurs
  10 crocodiles
  A crocodile (shapeshifter) (Vaults:2)
  5 big kobolds
  An earth elemental (Elf:3)
  3 gnoll sergeants (D:9)
  17 giant frogs
  A wyvern skeleton (D:13)
  Dowan (D:7)
  6 scorpions
  3 troll zombies (Swamp:3)
  12 killer bees
  3 howler monkeys
  2 wights (D:11)
  7 crimson imps
  A giant frog zombie (D:10)
  2 quasits
  3 hounds
  A jelly (D:15)
  3 giant frog skeletons
  21 orc priests
  20 orc wizards
  6 iguanas
  21 worker ants
  A spectral swamp drake (Swamp:4)
  A boulder beetle simulacrum (Vaults:1)
  13 sheep
  2 hound skeletons (D:4)
  12 gnolls
  10 adders
  28 river rats
  4 shadow imps
  3 adder skeletons
  2 worms
  3 giant geckos
  71 orcs
  A ball python (D:3)
  3 giant cockroaches
  9 goblins
  7 hobgoblins
  4 jackals
  5 quokkas
  9 bats
  A giant gecko skeleton (D:5)
  A giant gecko zombie (D:8)
  5 giant newts
  A jackal skeleton (D:7)
  18 kobolds
  11 rats
1122 creatures vanquished.

Vanquished Creatures (collateral kills)
  Norris (D:13)
  Saint Roka (Depths:1)
  2 caustic shrikes (Depths:2)
  A golden dragon (Depths:2)
  A bone dragon (Swamp:4)
  2 liches
  Jorgrun (Swamp:3)
  2 tentacled monstrosities
  A deep elf blademaster (Elf:3)
  A deep elf master archer (Elf:3)
  2 thorn hunters
  A shadow dragon (Depths:2)
  3 sphinxes
  A tengu reaver (Depths:4)
  A storm dragon (Depths:4)
  7 greater nagas
  4 frost giants
  4 fire giants
  An iron dragon (Depths:2)
  4 vault wardens
  5 deep elf sorcerers (Elf:3)
  2 deep elf elementalists (Elf:3)
  A ghoul (Vaults:2)
  3 spriggan defenders
  5 ironheart preservers
  5 very ugly things
  4 deep elf demonologists
  A vampire knight (Vaults:2)
  Nessos (D:14)
  7 stone giants
  8 deep elf annihilators (Elf:3)
  A spark wasp (Depths:4)
  A deep elf death mage (Elf:3)
  3 ettins
  4 vault guards
  7 yaktaur captains
  2 fire dragons
  3 ice dragons
  A great orb of eyes (Depths:4)
  An entropy weaver (Depths:4)
  2 rakshasas (Depths:3)
  3 deep elf high priests
  11 naga warriors
  3 ghost crabs
  5 spriggan air magi
  9 hydras
  8 ogre magi
  8 alligators
  7 centaur warriors
  4 anacondas
  15 dancing weapons
  4 death knights
  2 tengu warriors (Depths:2)
  6 deep troll shamans
  A vampire mage (Depths:2)
  3 death yaks (Lair:7)
  4 deep troll earth magi
  5 shock serpents
  17 naga sharpshooters
  A storm dragon zombie (Vaults:1)
  2 spriggan berserkers (Depths:4)
  Nergalle (D:10)
  15 deep elf knights
  A fire crab (Vaults:4)
  2 salamander mystics
  4 skeletal warriors (Vaults:1)
  A spectral hydra (Swamp:3)
  A swamp dragon (Swamp:4)
  3 unseen horrors
  A spriggan druid (Swamp:4)
  2 giant orange brains
  7 sea snakes (Snake:4)
  6 naga ritualists
  18 deep elf archers
  A shambling mangrove (Swamp:3)
  8 ironbrand convokers
  A flayed ghost (Vaults:2)
  12 deep trolls
  A lindwurm (Orc:1)
  An orange crystal statue (Depths:2)
  3 hill giants
  8 orc knights
  3 phantasmal warriors
  A harpy (Vaults:2)
  59 deep elf magi
  3 wizards
  A hill giant (shapeshifter) (Elf:2)
  A necromancer (Swamp:3)
  6 mana vipers
  4 orc sorcerers
  3 wolf spiders
  49 ugly things
  A human zombie (Vaults:1)
  2 griffons
  3 cyclopes (Vaults:2)
  2 hornets
  6 vault sentinels
  3 elephants
  17 black mambas
  9 salamanders
  An octopode (shapeshifter) (Vaults:1)
  19 naga magi
  A centaur zombie (D:13)
  A spiny frog (shapeshifter) (Depths:3)
  11 spiny frogs
  2 komodo dragons (Lair:7)
  A swamp worm zombie (Swamp:4)
  3 tengu conjurers
  A komodo dragon (shapeshifter) (Vaults:4)
  3 hydra zombies (Swamp:4)
  A hellwing (Depths:3)
  34 yaktaurs
  An ice devil (Depths:1)
  6 freezing wraiths
  2 trolls
  2 giant leeches (Swamp:4)
  11 two-headed ogres
  A blink frog (shapeshifter) (Depths:2)
  5 spectral swamp dragons
  18 slime creatures
  19 blink frogs
  7 bog bodies
  6 alligator zombies
  4 redbacks (Vaults:4)
  3 water elementals
  6 spriggans
  A shadow (Swamp:3)
  6 air elementals
  12 humans
  22 yaks
  3 wraiths
  2 basilisks
  A giant leech zombie (Swamp:3)
  3 hippogriffs
  8 centaurs
  A fire elemental (Elf:1)
  2 humans (shapeshifter)
  24 vampire mosquitoes
  A hungry ghost (D:14)
  2 soldier ants (Lair:7)
  12 swamp worms
  30 nagas
  2 insubstantial wisps (Swamp:4)
  A spiny frog zombie (Swamp:3)
  7 water moccasins
  3 wargs
  A large abomination (Swamp:3)
  A deep troll zombie (Vaults:1)
  2 hell hounds (Depths:3)
  5 swamp drakes
  18 orc warriors
  6 porcupines
  An elf zombie (Vaults:1)
  6 wasps
  3 swamp dragon zombies (Swamp:4)
  3 boggarts
  7 phantoms
  28 ogres
  3 wolves
  4 crocodiles
  A big kobold (D:11)
  3 earth elementals
  8 giant frogs
  2 gnoll sergeants (D:9)
  A troll zombie (Swamp:3)
  A spriggan zombie (Swamp:3)
  19 killer bees (D:10)
  6 wights
  2 electric eels
  5 crimson imps
  2 giant frog zombies (D:12)
  2 jellies
  5 orc priests
  2 hounds
  5 orc wizards
  2 spectral swamp drakes (Swamp:4)
  8 worker ants
  8 sheep
  A gnoll (D:9)
  41 river rats
  A swamp drake zombie (Swamp:4)
  2 worms (D:9)
  33 orcs
  2 jackals (D:10)
  8 kobolds
  2 rats (D:9)
  3 briar patches (Swamp:3)
  5 crawling corpses (Elf:3)
  A fire vortex (Depths:3)
  40 fungi
  22 plants
  A spectral weapon (Vaults:1)
  A withered plant (Swamp:3)
1141 creatures vanquished.

Vanquished Creatures (others)
  5 profane servitors
  4 bone dragons
  A shadow dragon (Depths:4)
  A caustic shrike zombie (Depths:4)
  A deep elf sorcerer (Elf:3)
  5 ghouls
  A deep elf elementalist (Elf:3)
  10 vampire knights
  2 very ugly thing zombies (Depths:2)
  A centaur warrior (Depths:4)
  A storm dragon zombie (Depths:4)
  2 skeletal warriors
  A spark wasp zombie (Depths:4)
  12 flayed ghosts
  An anaconda skeleton (Snake:4)
  6 ugly thing zombies
  A deep elf mage (Elf:3)
  6 phantasmal warriors
  An iron dragon zombie (Depths:2)
  A frost giant zombie (Vaults:3)
  3 stone giant zombies
  8 human zombies
  3 yaktaurs
  5 spriggan zombies
  A harpy zombie (Vaults:2)
  A hydra zombie (Swamp:3)
  2 griffon zombies (Vaults:2)
  A fire dragon zombie (Vaults:2)
  An ice dragon zombie (Depths:2)
  15 flying skulls
  A spriggan (Swamp:4)
  9 vampires
  3 black mamba zombies
  6 wraiths
  5 elf zombies
  2 deep troll zombies
  3 insubstantial wisps (Swamp:4)
  A wasp (Swamp:4)
  A boggart (Depths:3)
  3 blink frog zombies
  4 yaktaur zombies
  A komodo dragon zombie (Lair:7)
  A cyclops zombie (Vaults:2)
  3 water moccasin zombies
  A troll zombie (Orc:1)
  A tengu zombie (Depths:4)
  2 yak zombies
  A wight (D:9)
  5 centaur zombies
  A wasp zombie (Depths:3)
  2 giant frog zombies
  2 soldier ant zombies (Lair:7)
  4 two-headed ogre zombies
  2 killer bee zombies (D:9)
  4 ogre zombies
  A big kobold zombie (D:9)
  5 naga zombies
  A crocodile skeleton (Lair:1)
  A mummy (Lair:1)
  3 worker ant zombies (Lair:7)
  A scorpion zombie (D:9)
  2 gnoll zombies (D:9)
  3 orc skeletons (Orc:2)
  2 sheep zombies (Lair:7)
  An orc (Elf:3)
  A giant gecko zombie (D:8)
  6 kobold zombies
  37 orc zombies
  10 river rat zombies
  2 briar patches (Swamp:3)
  9 fungi
  27 plants
  A withered plant (Swamp:3)
284 creatures vanquished.

Grand Total: 2547 creatures vanquished

Notes
Turn   | Place    | Note
--------------------------------------------------------------
     0 | D:1      | Geomchi the Troll Monk began the quest for the Orb.
     0 | D:1      | Reached XP level 1. HP: 22/22 MP: 0/0
   273 | D:1      | Reached XP level 2. HP: 20/29 MP: 1/1
   801 | D:2      | Reached XP level 3. HP: 30/37 MP: 2/2
  1184 | D:3      | Found an ancient bone altar of Kikubaaqudgha.
  1271 | D:3      | Reached XP level 4. HP: 44/45 MP: 3/3
  1340 | D:3      | Found a shadowy altar of Dithmenos.
  1371 | D:3      | Found a basalt altar of Yredelemnul.
  1440 | D:3      | Became a worshipper of Yredelemnul the Dark
  1440 | D:3      | Reached * piety under Yredelemnul
  1440 | D:3      | Reached ** piety under Yredelemnul
  1961 | D:4      | Reached skill level 5 in Unarmed Combat
  2149 | D:4      | Reached XP level 5. HP: 54/54 MP: 4/4
  2500 | D:4      | Noticed a hippogriff
  2513 | D:4      | Killed a hippogriff
  2513 | D:4      | Reached skill level 6 in Unarmed Combat
  2513 | D:4      | Reached XP level 6. HP: 56/63 MP: 0/5
  2598 | D:4      | Found a staircase to the Ecumenical Temple.
  2743 | D:5      | Entered Level 5 of the Dungeon
  2743 | D:5      | Noticed a sky beast
  2767 | D:5      | Killed a sky beast
  2879 | D:5      | Noticed an ice beast
  2888 | D:5      | Killed an ice beast
  2888 | D:5      | Reached skill level 5 in Fighting
  2888 | D:5      | Reached XP level 7. HP: 44/72 MP: 3/6
  3064 | D:5      | Reached skill level 7 in Unarmed Combat
  3075 | D:5      | Noticed ontamu's ghost (novice DrTm)
  3102 | D:5      | Killed ontamu's ghost
  3102 | D:5      | Reached XP level 8. HP: 62/83 MP: 5/7
  3162 | D:5      | Reached skill level 8 in Unarmed Combat
  3308 | D:5      | Found a shimmering altar of Xom.
  3309 | D:5      | Noticed Menkaure
  3315 | D:5      | Killed Menkaure
  3725 | D:6      | Found a sparkling altar of Nemelex Xobeh.
  3788 | D:6      | Reached skill level 9 in Unarmed Combat
  3820 | D:6      | Noticed Eustachio
  3847 | D:6      | Reached *** piety under Yredelemnul
  3869 | D:6      | Killed Eustachio
  3869 | D:6      | Reached XP level 9. HP: 39/93 MP: 3/8
  4352 | D:7      | Found a shattered altar of Ashenzari.
  4503 | D:7      | Noticed Ebgish's ghost (novice OpFE)
  4520 | D:7      | Killed Ebgish's ghost
  4520 | D:7      | Reached skill level 10 in Unarmed Combat
  4732 | D:7      | Noticed Dowan
  4735 | D:7      | Noticed Duvessa
  4740 | D:7      | Killed Duvessa
  4746 | D:7      | Killed Dowan
  4746 | D:7      | Reached skill level 1 in Invocations
  4861 | D:7      | Found an iron altar of Okawaru.
  5016 | D:7      | Found Ikupp's Book Shoppe.
  5158 | D:8      | Reached skill level 5 in Dodging
  5421 | D:8      | Reached XP level 10. HP: 92/102 MP: 11/11
  5550 | D:8      | Found a radiant altar of Vehumet.
  5631 | D:8      | Found a snail-covered altar of Cheibriados.
  6283 | D:9      | Found a staircase to the Orcish Mines.
  6308 | D:9      | Received a gift from Yredelemnul
  6318 | D:9      | Reached skill level 5 in Invocations
  6708 | D:9      | Noticed a deep elf mage
  6722 | D:9      | Killed a deep elf mage
  6722 | D:9      | Reached **** piety under Yredelemnul
  6734 | D:9      | Noticed a hill giant
  6907 | Orc:1    | Entered Level 1 of the Orcish Mines
  6907 | Orc:1    | Noticed an orc high priest
  7283 | D:9      | Reached XP level 11. HP: 35/111 MP: 10/14
  7441 | D:9      | Found a sparkling altar of Nemelex Xobeh.
  7446 | D:9      | Found a staircase to the Lair.
  7560 | D:9      | Noticed a centaur warrior
  7567 | D:9      | Killed a centaur warrior
  7567 | D:9      | Reached skill level 11 in Unarmed Combat
  7891 | D:9      | Killed a hill giant
  7955 | Lair:1   | Entered Level 1 of the Lair of Beasts
  8038 | Lair:1   | Noticed Grum
  8053 | Lair:1   | Killed Grum
  8053 | Lair:1   | Received a gift from Yredelemnul
  9020 | Lair:1   | Received a gift from Yredelemnul
  9363 | Lair:2   | Reached skill level 12 in Unarmed Combat
  9551 | Lair:2   | Noticed Fannar
  9559 | Lair:2   | Killed Fannar
  9622 | Lair:2   | Received a gift from Yredelemnul
  9861 | Lair:2   | Reached skill level 10 in Fighting
  9862 | Lair:2   | Received a gift from Yredelemnul
 10302 | Lair:3   | Reached XP level 12. HP: 115/126 MP: 15/15
 10311 | Lair:3   | Received a gift from Yredelemnul
 10472 | Lair:3   | Noticed a seven-headed hydra
 10491 | Lair:3   | Killed a seven-headed hydra
 10491 | Lair:3   | Reached skill level 13 in Unarmed Combat
 10492 | Lair:3   | Received a gift from Yredelemnul
 10599 | Lair:3   | Found a staircase to the Snake Pit.
 10879 | Lair:3   | Found a staircase to the Swamp.
 11241 | Lair:4   | Received a gift from Yredelemnul
 11509 | Lair:4   | Noticed an eight-headed hydra
 11516 | Lair:4   | Killed an eight-headed hydra
 11657 | Lair:4   | Noticed a six-headed hydra
 11663 | Lair:4   | Killed a six-headed hydra
 12460 | Lair:5   | Reached ***** piety under Yredelemnul
 12744 | Lair:5   | Noticed a seven-headed hydra
 12748 | Lair:5   | Killed a seven-headed hydra
 13058 | Lair:6   | Received a gift from Yredelemnul
 13882 | Lair:7   | Noticed a death yak
 13882 | Lair:7   | Noticed a death yak
 13947 | Lair:7   | Found a staircase to the Slime Pits.
 13947 | Lair:7   | Found a viscous altar of Jiyva.
 13949 | Lair:7   | Noticed a death yak
 13952 | Lair:7   | Reached XP level 13. HP: 136/139 MP: 16/16
 13968 | Lair:7   | Received a gift from Yredelemnul
 14652 | Lair:7   | Received a gift from Yredelemnul
 14885 | Lair:7   | Reached skill level 14 in Unarmed Combat
 15085 | Lair:7   | Identified 4 scrolls of acquirement
 15236 | Lair:7   | Reached skill level 1 in Armour
 15236 | Lair:7   | Reached skill level 1 in Shields
 15541 | Lair:8   | Entered Level 8 of the Lair of Beasts
 15571 | Lair:8   | Received a gift from Yredelemnul
 15690 | Lair:8   | Found a glowing golden altar of the Shining One.
 15713 | Lair:8   | Received a gift from Yredelemnul
 16503 | D:9      | Received a gift from Yredelemnul
 16535 | Orc:1    | Reached ****** piety under Yredelemnul
 16578 | Orc:1    | Reached XP level 14. HP: 150/150 MP: 17/17
 16917 | D:9      | Found a bloodstained altar of Trog.
 17259 | Orc:2    | Entered Level 2 of the Orcish Mines
 17324 | Orc:2    | Found a roughly hewn altar of Beogh.
 17340 | Orc:2    | Received a gift from Yredelemnul
 17465 | Orc:2    | Received a gift from Yredelemnul
 17577 | Orc:2    | Found a staircase to the Elven Halls.
 17682 | Orc:1    | Received a gift from Yredelemnul
 17752 | Orc:1    | Noticed Harold
 17789 | Orc:1    | Killed Harold
 17839 | Orc:1    | Found Kosapre's Gadget Shop.
 17966 | Orc:1    | Reached skill level 5 in Armour
 18019 | Orc:2    | Reached skill level 5 in Shields
 18150 | Orc:2    | Received a gift from Yredelemnul
 18580 | Orc:2    | Received a gift from Yredelemnul
 18817 | Orc:2    | Found Yfezemet's Antique Weapon Shoppe.
 18817 | Orc:2    | Found Gith's Antique Weapon Shop.
 18819 | Orc:2    | Found Foepligh's Antique Weapon Boutique.
 18821 | Orc:2    | Found Vogoez's Jewellery Emporium.
 19027 | D:10     | Entered Level 10 of the Dungeon
 19028 | D:10     | Upgraded the game from 0.18-a0-1702-gd20c6a5 to 0.18-a0-1713-g50a528e
 19047 | D:10     | Received a gift from Yredelemnul
 19157 | D:10     | Noticed Nergalle
 19169 | D:10     | Killed Nergalle
 19286 | D:10     | Noticed Maud
 19298 | D:10     | Killed Maud
 19393 | D:10     | Received a gift from Yredelemnul
 19623 | D:11     | Received a gift from Yredelemnul
 19992 | D:11     | Received a gift from Yredelemnul
 20598 | D:12     | Received a gift from Yredelemnul
 21018 | D:13     | Noticed Norris
 21024 | D:13     | Noticed Donald
 21045 | D:12     | Killed Donald
 21150 | D:13     | Found a gate to the Vaults.
 21167 | D:13     | Killed Norris
 21168 | D:13     | Received a gift from Yredelemnul
 21709 | D:13     | Reached XP level 15. HP: 144/158 MP: 18/18
 21875 | D:13     | Received a gift from Yredelemnul
 22142 | D:14     | Noticed Nessos
 22148 | D:14     | Killed Nessos
 22295 | D:14     | Found Tyuniz's Armour Boutique.
 22457 | D:14     | Found a portal to a secret trove of treasure.
 22678 | D:15     | Entered Level 15 of the Dungeon
 22959 | D:15     | Found a staircase to the Depths.
 22967 | D:15     | Received a gift from Yredelemnul
 23068 | D:15     | Found an opulent altar of Gozag.
 23589 | D:15     | Received a gift from Yredelemnul
 23981 | Orc:1    | Bought a wand of heal wounds (7/9) for 792 gold pieces
 24183 | Swamp:1  | Entered Level 1 of the Swamp
 24275 | Swamp:1  | Found an ancient bone altar of Kikubaaqudgha.
 24367 | Swamp:1  | Noticed Aizul
 24375 | Swamp:1  | Received a gift from Yredelemnul
 24527 | Swamp:1  | Killed Aizul
 24904 | Swamp:2  | Noticed a thorn hunter
 24914 | Swamp:2  | Killed a thorn hunter
 25062 | Swamp:2  | Received a gift from Yredelemnul
 25780 | Swamp:3  | Noticed Jorgrun
 25786 | Swamp:3  | Killed Jorgrun
 25857 | Swamp:3  | Found a burning altar of Makhleb.
 26042 | Swamp:3  | Reached skill level 15 in Unarmed Combat
 26676 | Swamp:3  | Noticed a thorn hunter
 26690 | Swamp:3  | Killed a thorn hunter
 27205 | Swamp:4  | Entered Level 4 of the Swamp
 27254 | Swamp:4  | Reached XP level 16. HP: 141/161 MP: 21/21
 27315 | Swamp:4  | Received a gift from Yredelemnul
 27942 | Swamp:4  | Noticed a bone dragon
 27951 | Swamp:4  | Killed a bone dragon
 28022 | Swamp:4  | Got a decaying rune of Zot
 28299 | Snake:1  | Entered Level 1 of the Snake Pit
 28402 | Snake:1  | Received a gift from Yredelemnul
 28551 | Snake:1  | Reached skill level 10 in Invocations
 28666 | Snake:1  | Received a gift from Yredelemnul
 28818 | Snake:1  | Reached skill level 16 in Unarmed Combat
 29738 | Snake:2  | Found Leemish's Antique Armour Shop.
 30719 | Snake:4  | Entered Level 4 of the Snake Pit
 30727 | Snake:4  | Received a gift from Yredelemnul
 30838 | Snake:4  | Received a gift from Yredelemnul
 30852 | Snake:4  | Reached skill level 17 in Unarmed Combat
 30859 | Snake:4  | Reached XP level 17. HP: 86/166 MP: 24/24
 31104 | Snake:4  | Received a gift from Yredelemnul
 31301 | Snake:4  | Received a gift from Yredelemnul
 31708 | Snake:4  | Got a serpentine rune of Zot
 32111 | Vaults:1 | Entered Level 1 of the Vaults
 32118 | Vaults:1 | Received a gift from Yredelemnul
 32415 | Vaults:1 | Found Plog's General Store.
 32423 | Vaults:1 | Bought a scroll of teleportation for 51 gold pieces
 32423 | Vaults:1 | Bought a potion of heal wounds for 85 gold pieces
 32505 | Vaults:1 | Noticed Asterion
 32515 | Vaults:1 | Received a gift from Yredelemnul
 32526 | Vaults:1 | Killed Asterion
 33015 | Vaults:1 | Reached skill level 18 in Unarmed Combat
 33560 | Vaults:1 | Received a gift from Yredelemnul
 34285 | Vaults:2 | Received a gift from Yredelemnul
 34529 | Vaults:2 | Reached skill level 10 in Armour
 34533 | Vaults:2 | Reached XP level 18. HP: 152/180 MP: 25/25
 34612 | Vaults:2 | Paralysed by something for 5 turns
 34946 | Vaults:2 | Received a gift from Yredelemnul
 35817 | Vaults:2 | Received a gift from Yredelemnul
 35996 | Vaults:2 | Found a staircase to the Crypt.
 36368 | Vaults:2 | Received a gift from Yredelemnul
 36389 | Vaults:2 | Reached skill level 15 in Fighting
 36466 | Vaults:2 | Found Wanojuu's Book Shoppe.
 36856 | Vaults:3 | Received a gift from Yredelemnul
 37634 | Vaults:3 | Received a gift from Yredelemnul
 37744 | Vaults:3 | Received a gift from Yredelemnul
 38306 | Vaults:4 | Received a gift from Yredelemnul
 38367 | Vaults:4 | Noticed a tentacled monstrosity
 38379 | Vaults:4 | Killed a tentacled monstrosity
 38385 | Vaults:4 | Reached XP level 19. HP: 164/192 MP: 26/26
 38558 | Vaults:4 | Found Qoycs's Magic Scroll Emporium.
 38761 | Vaults:4 | Received a gift from Yredelemnul
 39250 | Vaults:4 | Received a gift from Yredelemnul
 39791 | Depths:1 | Entered Level 1 of the Depths
 39791 | Depths:1 | Found a gateway to Hell.
 39791 | Depths:1 | Noticed Saint Roka
 39940 | Depths:1 | Killed Saint Roka
 40554 | Depths:1 | Found a one-way gate to the infinite horrors of the Abyss.
 40594 | Depths:1 | Received a gift from Yredelemnul
 40656 | Depths:1 | Found Oqepory's Book Shop.
 40676 | Depths:1 | Reached skill level 19 in Unarmed Combat
 41095 | Depths:2 | Received a gift from Yredelemnul
 41394 | Depths:2 | Received a gift from Yredelemnul
 41717 | Depths:2 | Noticed a lich
 41721 | Depths:2 | Killed a lich
 41761 | Depths:2 | Identified the Tome of Illusion
 41907 | Depths:2 | Noticed a caustic shrike
 41916 | Depths:2 | Killed a caustic shrike
 41916 | Depths:2 | Reached XP level 20. HP: 208/208 MP: 27/27
 43077 | Depths:3 | Noticed a golden dragon
 43077 | Depths:3 | Noticed a lich
 43082 | Depths:3 | Noticed a golden dragon
 43082 | Depths:3 | Noticed a caustic shrike
 43134 | Depths:2 | Killed a caustic shrike
 43642 | Elf:1    | Entered Level 1 of the Elven Halls
 43683 | Elf:1    | Noticed Louise
 43691 | Elf:1    | Killed Louise
 43765 | Elf:1    | Received a gift from Yredelemnul
 43854 | Elf:1    | Found a radiant altar of Vehumet.
 44004 | Elf:1    | Received a gift from Yredelemnul
 44095 | Elf:1    | Found Foceh's Armour Emporium.
 44136 | Elf:1    | Reached skill level 20 in Unarmed Combat
 44189 | Elf:1    | Received a gift from Yredelemnul
 44439 | Elf:1    | Identified the Guide on Summoning
 44524 | Elf:1    | Noticed Nikola
 44536 | Elf:1    | Killed Nikola
 44675 | Elf:1    | Received a gift from Yredelemnul
 44945 | Elf:2    | Found an ancient bone altar of Kikubaaqudgha.
 45020 | Elf:2    | Found a runed gate.
 45042 | Elf:2    | Found a runed gate.
 45042 | Elf:2    | Found a runed gate.
 45051 | Elf:2    | Noticed Agnes
 45064 | Elf:2    | Killed Agnes
 45823 | Elf:2    | Received a gift from Yredelemnul
 46026 | Elf:2    | Received a gift from Yredelemnul
 46259 | Elf:3    | Entered Level 3 of the Elven Halls
 46333 | Elf:3    | Found Avilenle's Gadget Boutique.
 46507 | Elf:3    | Reached skill level 10 in Dodging
 46515 | Elf:3    | Reached XP level 21. HP: 204/227 MP: 28/28
 46522 | Elf:3    | Received a gift from Yredelemnul
 46834 | Elf:3    | Got a pitted jade ring
 46842 | Elf:3    | Identified the ring "Saenk" {rPois rN+ Dex+4} (You took it off a deep elf high priest on level 3 of the Elven Halls)
 46844 | Elf:3    | Got a ring of the Octopus King
 46915 | Elf:3    | Got a vibrating copper ring
 46916 | Elf:3    | Identified the ring "Zeukaun" {SustAt rF+} (You found it on level 3 of the Elven Halls)
 46924 | Elf:3    | Identified the Papyrus of Pragmatism
 46928 | Elf:3    | Identified a ring of the Octopus King {AC+1 EV+1 Str+1 Int+1 Dex+1 SInv} (You took it off a deep elf demonologist on level 3 of the Elven Halls)
 47616 | Depths:2 | Killed a golden dragon
 47740 | Depths:2 | Received a gift from Yredelemnul
 48275 | Depths:2 | Killed a golden dragon
 48280 | Depths:2 | Received a gift from Yredelemnul
 48988 | Depths:3 | Found a gateway to a ziggurat.
 49196 | Depths:3 | Found a one-way gate leading to the halls of Pandemonium.
 49408 | Depths:4 | Received a gift from Yredelemnul
 49492 | Depths:4 | Noticed a caustic shrike
 49492 | Depths:4 | Paralysed by a great orb of eyes for 2 turns
 49499 | Depths:4 | Killed a caustic shrike
 49538 | Depths:4 | Noticed a caustic shrike
 49606 | Depths:4 | Received a gift from Yredelemnul
 50833 | Depths:4 | Killed from afar by a shadow dragon

Vault maps used:
D:1:      minmay_arrival_open_corners, minmay_misc_feat_doors
D:2:      first_bread
D:3:      overflow_temple_1_default, kiku_gazebo_garden_becter,
          grunt_dithmenos_smoke_and_mirrors
D:4:      temple_green
D:5:      old_standard_altar, grunt_ministairs_10, kennysheep_generic_room_6,
          uniq_menkaure
D:6:      basic_altar, uniq_eustachio
D:7:      cheibrodos_ashenzari_chains, okawaru_humans, serial_shops, shop,
          uniq_duvessa
D:8:      cheibriados_altar_wand_db, kennysheep_mini_moat, grunt_livestock,
          hangedman_decor_slide_cut
D:9:      minmay_quarter_circles, nemelex_xobeh_ov_fountains_minmay,
          lair_0_dummy, kennysheep_orc_monster_closet_entryway, tgw_trog
D:10:     uniq_maud, uniq_nergalle
D:13:     david_vaults_3
D:14:     serial_shops, nicolae_shop_temple_entry_statues_fountains,
          minmay_misc_feat_encased, enter_trove_0, minivault_27,
          minmay_crystal_room, uniq_nessos
D:15:     grunt_enter_depths_snipers, minmay_misc_feat_pillars,
          serial_park_tiny_pond, nicolae_gozag_seed_capital
Lair:1:   st_stairs_9, grunt_megastairs_5, serial_bayou_shore_b, uniq_grum
Lair:2:   grunt_megastairs_1, uniq_fannar
Lair:3:   minmay_swamp_entry_worms, guppyfry_snake_entry_garden
Lair:4:   lab_entry_generic, grunt_megastairs_4
Lair:5:   st_stairs_3
Lair:6:   infiniplex_staircase_pool
Lair:7:   slime_altar_1, st_stairs_3, minivault_29
Lair:8:   wormcave, basic_altar, grunt_megastairs_2
Swamp:1:  basic_altar, infiniplex_staircase_pool_2, uniq_aizul
Swamp:2:  hangedman_swamp_diagram, swamp_pool4
Swamp:3:  cheibrodos_swamp_mausoleum, basic_altar, uniq_jorgrun
Swamp:4:  swamp_pestilence
Snake:2:  serial_shops, nicolae_shop_trees, serial_bayou_shore_b
Snake:4:  snake_pit, serial_bayou, serial_bayou_pond_b, serial_bayou_crossing,
          serial_bayou_pond_b, serial_bayou_pond_b
Orc:1:    nicolae_volcano_entry_vermiform, serial_shops, shop, uniq_harold
Orc:2:    st_orc_rangers, basic_altar
Elf:1:    eino_elf_arrival_sip, serial_shops, shop_fountains, basic_altar,
          minmay_elf_demonology, hangedman_elven_crosses_minicolossus,
          uniq_nikola, uniq_louise
Elf:2:    basic_altar, uniq_agnes
Elf:3:    minmay_elf_hall_spiked, serial_shops, nicolae_shop_waterfront
Vaults:1: v_pattern_1, v_misc_4, ontoclasm_vaults_ligature, v_misc_22,
          ontoclasm_vaults_fault, nicolae_vaults_big_angled_halls, v_misc_11,
          v_misc_3, vaults_dpeg_encased_lava, hangedman_vaults_slice,
          vaults_dpeg_ring, nicolae_vaults_alarming, serial_shops,
          nicolae_shop_stone, uniq_asterion
Vaults:2: hangedman_vaults_nodes, vaults_mumra_minichess,
          minmay_crypt_entry_simple_plaza, hangedman_vaults_stretched_pinwheel,
          nicolae_vaults_what_the_h, v_misc_16, v_misc_3,
          vaults_standard_mumra_x, hangedman_vaults_stretched_pinwheel,
          vaults_room_mumra_shop_pool, nicolae_vaults_border_crossing,
          ontoclasm_vaults_decontamination, uniq_donald
Vaults:3: v_rooms_3, vaults_dpeg_spiral, vaults_mumra_lcd,
          nicolae_vaults_asterisk, v_misc_9, ontoclasm_vaults_hangar,
          vaults_dpeg_hooks, ontoclasm_vaults_loading_screen, serial_ice_b
Vaults:4: hangedman_vaults_impose, grunt_vaults_bifocal,
          nicolae_vaults_angled_halls, hangedman_vaults_snaps,
          nicolae_vaults_little_squares_3, v_rooms_5, v_alt_pattern_6,
          v_rooms_2, nicolae_vaults_an_arrangement, v_misc_10,
          hangedman_vaults_slice, serial_shops, nicolae_shop_waterfront
Depths:1: hangedman_coc_ice_floe, abyss_entry, hangedman_abyss_or_decor_stabs,
          serial_sigils_hangedman_quiver, kennysheep_windowed_goal,
          grunt_megastairs_3, uniq_saint_roka
Depths:2: minmay_two_paths, minivault_14, grunt_hell_entry_dis_old, minivault_16
Depths:3: wad_pebble_path, ziggurat_fallback, hellmouth_1, pan_entry,
          grunt_decor_fettered, evilmike_ambush
Depths:4: hangedman_pleasuredromes, serial_shops, abyss_entry, hell_entry

Skill      XL: |  1  2  3  4  5  6  7  8  9 10 11 12 13 14 15 16 17 18 19 20 21 |
---------------+----------------------------------------------------------------+-----
Fighting       | 3 4 5 6 7 8 10 11 12 14 15 16 17 | 17.5
Unarmed Combat | 5 6 7 9 10 12 13 14 15 17 18 19 20 | 20.2
Dodging        | 5 6 8 10 12 | 12.3
Invocations    | 3 6 8 11 | 11.6
Armour         | 4 8 9 10 12 13 14 | 14.7
Shields        | 4 8 9 |  9.2
Stealth        | |  1.1

Action                   |  1- 3 |  4- 6 |  7- 9 | 10-12 | 13-15 | 16-18 | 19-21 || total
-------------------------+-------+-------+-------+-------+-------+-------+-------++-------
Melee: Unarmed           |    91 |    94 |   283 |   624 |  1213 |   872 |  1010 ||  4187
Invok: Injury Mirror     |       |       |     1 |     2 |       |       |     2 ||     5
       Animate Dead      |       |       |       |    34 |    43 |    26 |    24 ||   127
       Drain Life        |       |       |       |     2 |     1 |       |     5 ||     8
       Recall Undead Sla |       |       |       |     3 |     4 |    11 |    21 ||    39
       Enslave Soul      |       |       |       |       |       |     1 |     2 ||     3
Evoke: Wand              |       |       |       |     1 |     1 |       |     1 ||     3
  Use: Potion            |       |     4 |     1 |     6 |       |       |     3 ||    14
       Scroll            |       |       |     9 |    10 |    16 |     9 |    17 ||    61
 Stab: Sleeping          |     1 |     1 |     1 |     1 |    19 |    25 |    20 ||    68
       Distracted        |       |       |       |     4 |    21 |    22 |    19 ||    66
       Paralysed         |       |       |       |       |     2 |     4 |     6 ||    12
  Eat: Chunk             |    11 |    20 |    24 |    69 |    93 |    95 |   110 ||   422
       Royal jelly       |       |       |       |     1 |     1 |     3 |     2 ||     7
       Pizza             |       |       |       |     1 |     1 |       |       ||     2
       Meat ration       |       |       |       |     2 |     6 |     2 |     1 ||    11
       Fruit             |       |       |       |     1 |       |       |       ||     1
